 Dungeon Crawl Stone Soup version 0.29.1-1-gd02db6906a (webtiles) character file.

Game seed: 173364905315134289

84 xian the Shooter (level 4, -4/34 HPs)
             Began as a Formicid Hunter on Oct 14, 2022.
             Slain by a gnoll
             ... wielding a +0 halberd
              (12 damage)
             ... on level 1 of the Dungeon.
             The game lasted 00:04:25 (2025 turns).

xian the Shooter (Formicid Hunter)                  Turns: 2025, Time: 00:04:27

Health: -4/34      AC:  8    Str: 18    XL:     4   Next: 72%
Magic:  4/4        EV:  7    Int:  8    God:
Gold:   85         SH:  0    Dex: 17    Spells: 3/3 levels left

rFire   . . .      SeeInvis +   a - +0 shortbow
rCold   . . .      Faith    .   (no shield)
rNeg    . . .      Spirit   .   l - +0 chain mail
rPois   .          Reflect  .   (helmet unavailable)
rElec   .          Harm     .   (no cloak)
rCorr   .          Rampage  .   (no gloves)
Will    .....                   (no boots)
Stlth   ..........              (no amulet)
HPRegen 0.11/turn               (no ring)
MPRegen 0.09/turn               (no ring)

@: no status effects
A: permanent stasis, dig shafts and tunnels, antennae 3, four strong arms
a: Dig, Shaft Self


You were on level 1 of the Dungeon.
You visited 1 branch of the dungeon, and saw 2 of its levels.

You collected 85 gold pieces.

Inventory:

Hand Weapons
 a - a +0 shortbow (weapon)
 f - a +0 short sword
Armour
 c - a +0 leather armour
 l - a +0 chain mail (worn)
Scrolls
 b - a scroll of immolation
 e - a scroll of vulnerability {unknown}
 g - 2 scrolls of amnesia {unknown}
 k - a scroll of summoning {unknown}
 m - a scroll of torment {unknown}
 n - a scroll of identify {unknown}
Potions
 d - a potion of haste {unknown}
 h - a potion of curing {unknown}
 i - a potion of resistance {unknown}
 j - 2 potions of heal wounds {unknown}


   Skills:
 + Level 2.4 Fighting
 + Level 5.5 Ranged Weapons
 + Level 0.7 Armour
 + Level 1.9 Dodging
 + Level 1.2 Stealth


You had 3 spell levels left.
You didn't know any spells.
Your spell library contained the following spells:

 Spells                   Type           Power      Damage    Failure   Level
 Beastly Appendage        Tmut           0%         N/A       100%        1
 Necrotise                Necr           0%         1d4       100%        1
 Sandblast                Erth           0%         2d4       100%        1
 Passwall                 Tmut/Erth      0%         N/A       100%        2
 Wereblood                Tmut           0%         N/A       100%        2
 Spider Form              Tmut/Pois      0%         N/A       100%        3
 Stone Arrow              Conj/Erth      0%         3d7       100%        3
 Vampiric Draining        Necr           0%         2d6       100%        3
 Agony                    Necr           0%         N/A       100%        5


Dungeon Overview and Level Annotations

Branches:
Dungeon (2/15)

Altars:

Annotations:
D:2 1 runed translucent door, Crazy Yiuf


Innate Abilities, Weirdness & Mutations

You cannot be hasted, slowed, berserked, paralysed or teleported.
You can dig through walls and to a lower floor.
You have a pair of large antennae on your head. (SInv)
Your four strong arms can wield two-handed weapons with a shield.


Message History

There is a stone staircase leading down here.
You climb downwards.
Level annotation: 1 runed translucent door, Crazy Yiuf The gnoll hits you but does no damage.
The gnoll hits you from afar with a +0 spear.
The gnoll hits you with a +0 halberd.
There is a stone staircase leading up here.
The gnoll hits you with a +0 halberd! The gnoll hits you but does no damage.
You climb upwards.
There is a stone staircase leading down here.
The gnoll hits you but does no damage.
The gnoll hits you from afar with a +0 halberd!
* * * LOW HITPOINT WARNING * * *
Things that are here:
a +0 ring mail; a +0 whip Unknown command.
Fire: a) +0 shortbow
Press: ? - help, Q - select action, (/) - cycle Shift-Dir - straight line, f - gnoll
Aim: a gnoll, wielding a +0 halberd (66% to hit)
You shoot an arrow. The arrow barely misses the gnoll.
The gnoll hits you from afar with a +0 halberd!
You die...

.........................†.#...#.
....####.................#.#.#..†
..#..####......#########...#.#.##
..#.....'......'># #.###.#.#
..#######......#.# #.###.### ..#
##...###.# #.#.....# ..# #####
#g# #.#.#.#.# ..# #.# #.#.#.#.#
..# #@# #.#.#.#.# ..# #.#
#.#...#.# ..# #.# #.....#.# ..#
#.###########.#.# ..#
#.#.............# ..#
#.#.#########.### ..##### #.#.#
#.# #.....# #.#'#### #.#
##.(..#### #......# #.#


You could see a gnoll.

Vanquished Creatures
  A jelly (D:2)
  A gnoll (D:1)
  A worm (D:2)
  2 dart slugs (D:2)
  3 ball pythons
  4 bats
  2 endoplasms (D:1)
  5 giant cockroaches (D:1)
  A goblin (D:2)
  3 hobgoblins
  2 jackals (D:1)
  4 frilled lizards
  4 kobolds (D:1)
  4 rats
37 creatures vanquished.

Vanquished Creatures (others)
  2 plants (D:2)
2 creatures vanquished.

Grand Total: 39 creatures vanquished

Notes
Turn   | Place    | Note
-------+----------+-------------------------------------------
     0 | D:1      | xian the Formicid Hunter began the quest for the Orb.
     0 | D:1      | Reached XP level 1. HP: 16/16 MP: 1/1
    62 | D:1      | Reached XP level 2. HP: 22/22 MP: 2/2
   106 | D:1      | Found a faded altar of an unknown god.
   366 | D:1      | Reached XP level 3. HP: 27/27 MP: 3/3
  1054 | D:2      | Reached skill level 5 in Ranged Weapons
  1054 | D:2      | Reached XP level 4. HP: 34/34 MP: 4/4
  1092 | D:2      | Found a runed translucent door.
  1093 | D:2      | Noticed Crazy Yiuf
  1129 | D:2      | Found Duonloal's Book Emporium.
  2025 | D:1      | Slain by a gnoll

Illustrated notes

Levels and vault maps discovered:
D:1:      dpeg_arrival_shelter, layout_basic,
          hellmonk_ecumenical_altar_pennies_from_heaven,
          minmay_worlds_worst_comb
D:2:      layout_loops_ring, serial_forest, infiniplex_forest_clump_double,
          infiniplex_forest_lined_corner, infiniplex_forest_clump_small,
          infiniplex_forest_straight_4, infiniplex_forest_corner_1,
          infiniplex_forest_straight_2, infiniplex_forest_diagonal,
          serial_shops, nicolae_shop_crystal, uniq_crazy_yiuf_cottage

Skill      XL: |  1  2  3 |
---------------+----------+-----
Ranged Weapons | 5 |  5.5
Fighting       | |  2.4
Armour         | |  0.7
Dodging        | |  1.9
Stealth        | |  1.2

Action                   |  1- 3 |  4- 6 || total
-------------------------+-------+-------++-------
 Fire: Shortbow          |    59 |    44 ||   103
 Abil: Dig               |     5 |       ||     5
Armor: Leather armour    |     9 |       ||     9
       Chain mail        |     3 |    25 ||    28
Dodge: Dodged            |    24 |    23 ||    47
